 Dungeon Crawl Stone Soup version 0.25.1-2-g60ff931df9 (webtiles) character file.

Game seed: 406776191150540959

49 DildoBatman the Magician (level 4, 0/30 HPs)
             Began as a Formicid Wizard on Sept 13, 2020.
             Slain by a quokka skeleton (2 damage)
             ... on level 2 of the Dungeon.
             The game lasted 00:02:46 (1329 turns).

DildoBatman the Magician (Formicid Wizard)          Turns: 1329, Time: 00:02:47

Health: 0/30       AC:  2    Str: 12    XL:     4   Next: 1%
Magic:  8/8        EV: 12    Int: 18    God:
Gold:   29         SH:  0    Dex:  9    Spells: 8/9 levels left

rFire    . . .     SeeInvis +   d - +1 dagger (freeze)
rCold    . . .     Gourm    .   (no shield)
rNeg     . . .     Faith    .   a - +0 robe
rPois    .         Spirit   .   (helmet unavailable)
rElec    .         Reflect  .   (no cloak)
rCorr    .         Harm     .   (no gloves)
MR       .....                  (no boots)
Stlth    ++........             (no amulet)
HPRegen  0.10/turn              (no ring)
MPRegen  0.11/turn              (no ring)

@: no status effects
A: permanent stasis, dig shafts and tunnels, four strong arms, antennae 3
a: Dig, Shaft Self


You were on level 2 of the Dungeon.
You were not hungry.

You visited 1 branch of the dungeon, and saw 2 of its levels.

You collected 29 gold pieces.

Inventory:

Hand Weapons
 d - a +1 dagger of freezing (weapon)
Missiles
 c - 17 stones (quivered)
Armour
 a - a +0 robe (worn)
Scrolls
 e - 2 scrolls of random uselessness {unknown}
 f - a scroll of enchant weapon {unknown}
Comestibles
 v - 3 rations


   Skills:
 - Level 1.7 Dodging
 - Level 2.4 Stealth
 - Level 3.2 Spellcasting
 * Level 3.2 Conjurations
   Level 1.0 Summonings
   Level 0.8 Translocations


You had 8 spell levels left.
You knew the following spells:

 Your Spells              Type           Power        Failure   Level  Hunger
c - Magic Dart            Conj           ##..         4%          1    None

Your spell library contained the following spells:

 Spells                   Type           Power        Failure   Level  Hunger
 Call Imp                 Summ           #.......     16%         2    ##.....
 Slow                     Hex            #.......     24%         2    ##.....
 Conjure Flame            Conj/Fire      #.......     24%         3    ###....
 Mephitic Cloud           Conj/Pois/Air  #.......     30%         3    ###....
 Blink                    Tloc           Unusable     N/A         2    N/A

Dungeon Overview and Level Annotations

Branches:
Dungeon (2/15)

Altars:

Annotations:
D:2 Jessica


Innate Abilities, Weirdness & Mutations

You cannot be hasted, slowed, berserked, paralysed or teleported.
You can dig through walls and to a lower floor.
Your four strong arms can wield two-handed weapons with a shield.
You have a pair of large antennae on your head. (SInv)


Message History

Anything else - Cancel.
You shout for attention!
The quokka skeleton bites you. What are your orders? t - Shout!
Orders for allies: a - Attack new target. r - Retreat! s - Stop attacking. g - Guard the area. f - Follow me.
Anything else - Cancel.
You shout for attention!
The quokka skeleton barely misses you. What are your orders? t - Shout!
Orders for allies: a - Attack new target. r - Retreat! s - Stop attacking. g - Guard the area. f - Follow me.
Anything else - Cancel.
You shout for attention!
The quokka skeleton bites you.
You die...

##... #).....##..
#.... ##.........
#....###.........
#....<...>.......
#....##.....#####
#.... #.....#...#
.......
#..%......#
####...
#.........# .###
#@#.......# ..
#..Z≈.P#...# ..
...≈≈≈≈P#...#
#.....≈≈≈P# ..#
#....≈≈≈≈... ##
#.....≈≈....#
#...P.......#
#........?..#


You could see a quokka skeleton.

Vanquished Creatures
  2 adders (D:2)
  2 dart slugs (D:1)
  A leopard gecko (D:1)
  A bat skeleton (D:2)
  3 giant cockroaches
  3 goblins (D:1)
  3 hobgoblins (D:1)
  3 bats
  4 frilled lizards (D:1)
  3 kobolds
  A quokka skeleton (D:2)
26 creatures vanquished.

Notes
Turn   | Place    | Note
-------+----------+-------------------------------------------
     0 | D:1      | DildoBatman the Formicid Wizard began the quest for the
                  | Orb.
     0 | D:1      | Reached XP level 1. HP: 13/13 MP: 4/4
   112 | D:1      | Reached skill level 1 in Conjurations
   347 | D:1      | Reached XP level 2. HP: 18/19 MP: 4/6
   715 | D:1      | Reached XP level 3. HP: 21/24 MP: 4/7
  1102 | D:2      | Noticed Jessica
  1275 | D:2      | Reached XP level 4. HP: 26/30 MP: 3/8
  1329 | D:2      | Slain by a quokka skeleton

Illustrated notes

Levels and vault maps discovered:
D:1:      onia_arrival_pentagram, layout_loops_corners,
          chequers_serial_rivers_small_3, st_stairs_8
D:2:      layout_basic, serial_undead, serial_undead_e, serial_undead_b,
          serial_undead_f, serial_undead_f, uniq_jessica

Skill      XL: |  1  2  3 |
---------------+----------+-----
Conjurations   | 1 2 3 |  3.2
Dodging        | |  1.7
Stealth        | |  2.4
Spellcasting   | |  3.2
Summonings     | |  1.0
Translocations | |  0.8

Action                   |  1- 3 |  4- 6 || total
-------------------------+-------+-------++-------
Melee: Unarmed           |     9 |       ||     9
       Dagger            |    24 |       ||    24
 Cast: Magic Dart        |    65 |       ||    65
 Abil: Dig               |     1 |       ||     1
  Eat: Chunk             |     1 |       ||     1
Armor: Robe              |    10 |     5 ||    15
Dodge: Dodged            |    54 |    34 ||    88
